 Dungeon Crawl Stone Soup version 0.31-a0-1074-g0b22e4e0f1 (webtiles) character file.

Game seed: 7917069618614846210

15972 Dittersdorf the Protected (level 12, -4/80 HPs)
             Began as a Gargoyle Fighter on Nov 30, 2023.
             Was a High Priest of Okawaru.
             Slain by an eight-headed hydra (8 damage)
             ... on level 2 of the Lair of Beasts.
             The game lasted 00:15:58 (10570 turns).

Dittersdorf the Protected (Gargoyle Fighter)       Turns: 10570, Time: 00:15:58

Health: -4/80      AC: 26    Str: 24    XL:     12   Next: 32%
Magic:  12/12      EV:  7    Int:  8    God:    Okawaru [*****.]
Gold:   843        SH:  6    Dex: 12    Spells: 11/11 levels left

rFire   + . .        H - +2 flail
rCold   . . .        c - +0 buckler
rNeg    + + .        I - +0 plate armour {rF+}
rPois   ∞            j - +1 hat
rElec   +            (no cloak)
rCorr   +            v - +0 pair of gloves {hurl}
SInv    .            (no boots)
Will    +....        n - amulet of regeneration Stlth
                     e - +4 ring of slaying
HPRegen 1.13/turn    B - ring of the Tormentor {rN+ Will+ rCorr Str-2 Dex+3}
MPRegen 0.13/turn

%: no passive effects
@: no status effects
A: sickness immunity, AC +8, negative energy resistance 1, electricity
resistance, torment resistance 1, petrification resistance
a: Renounce Religion, Heroism, Finesse, Duel


You were on level 2 of the Lair of Beasts.
You worshipped Okawaru.
Okawaru was extremely pleased with you.
You visited 3 branches of the dungeon, and saw 13 of its levels.

You collected 843 gold pieces.

Inventory:

Hand Weapons
 C - a +0 morningstar
 H - a +2 flail (weapon)
Missiles
 G - a throwing net
Armour
 c - a +0 buckler (worn)
 j - a +1 hat (worn)
 v - a +0 pair of gloves of hurling (worn)
 I - a +0 plate armour of fire resistance (worn)
Jewellery
 a - a +6 ring of dexterity
 e - a +4 ring of slaying (left hand)
 n - an amulet of regeneration (around neck)
 y - a ring of positive energy
 A - a ring of ice
 B - the ring of the Tormentor (right hand) {rN+ Will+ rCorr Str-2 Dex+3}
   (You found it on level 7 of the Dungeon)

   [ring of willpower]

   Str-2:     It affects your strength (-2).
   Dex+3:     It affects your dexterity (+3).
   rN+:       It protects you from negative energy.
   Will+:     It increases your willpower.
   rCorr:     It protects you from acid and corrosion.
 D - a ring of positive energy
Wands
 l - a wand of flame (45) (quivered)
 F - a wand of digging (1)
Scrolls
 b - a scroll of poison
 g - a scroll of fear
 h - 4 scrolls of revelation
 k - 3 scrolls of enchant weapon
 q - 4 scrolls of identify
 t - 6 scrolls of teleportation
 u - 3 scrolls of blinking
Potions
 d - 6 potions of might
 f - 5 potions of brilliance
 i - 7 potions of degeneration
 m - 3 potions of enlightenment
 o - 5 potions of curing
 p - 6 potions of haste
 r - a potion of mutation
 s - 3 potions of resistance
 w - 3 potions of heal wounds
 z - a potion of invisibility
 E - a potion of cancellation


   Skills:
 + Level 11.4 Fighting
 + Level 10.2 Maces & Flails
 + Level 11.4 Armour
 + Level 11.3 Shields


You had 11 spell levels left.
You didn't know any spells.
Your spell library contained the following spells:

 Spells                   Type           Power      Damage    Failure   Level
 Apportation              Tloc           0%         N/A       99%         1
 Magic Dart               Conj           0%         1d3       99%         1
 Necrotise                Necr           0%         1d4       99%         1
 Sting                    Tmut/Pois      0%         1d3       99%         1
 Ensorcelled Hibernation  Hex/Ice        0%         N/A       100%        2
 Passwall                 Tmut/Erth      0%         N/A       100%        2
 Poisonous Vapours        Pois/Air       0%         N/A       100%        2
 Ignite Poison            Fire/Tmut/Pois 0%         N/A       100%        3
 Inner Flame              Hex/Fire       0%         N/A       100%        3
 Mephitic Cloud           Conj/Pois/Air  0%         N/A       100%        3
 Swiftness                Air            0%         N/A       100%        3
 Cause Fear               Hex            0%         N/A       100%        4
 Flame Wave               Conj/Fire      0%         2d4       100%        4
 Olgreb's Toxic Radiance  Pois           0%         N/A       100%        4
 Sticky Flame             Conj/Fire      0%         2d3       100%        4
 Borgnjor's Vile Clutch   Necr/Erth      0%         N/A       100%        5
 Fireball                 Conj/Fire      0%         3d3       100%        5
 Freezing Cloud           Conj/Ice/Air   0%         6-21      100%        5
 Summon Small Mammal      Summ           Unusable   N/A       N/A         1
 Call Imp                 Summ           Unusable   N/A       N/A         2
 Cigotuvi's Dreadful Rot  Necr/Pois/Air  Unusable   N/A       N/A         2
 Animate Dead             Necr           Unusable   N/A       N/A         4
 Death Channel            Necr           Unusable   N/A       N/A         6
 Dragon's Call            Summ           Unusable   N/A       N/A         9

Dungeon Overview and Level Annotations

Branches:
Dungeon (10/15)            Temple (1/1) D:4            Lair (1/5) D:8
    Orc (0/2) D:10

Altars:
Ashenzari
Cheibriados
Dithmenos
Elyvilon
Fedhas
Gozag
Hepliaklqana
Kikubaaqudgha
Makhleb
Nemelex Xobeh
Okawaru
Qazlal
Ru
Sif Muna
Trog
Uskayaw
Vehumet
Wu Jian
Xom
Yredelemnul
Zin
The Shining One

Shops:
D:3 *   D:5 =


Innate Abilities, Weirdness & Mutations

You are immune to sickness and miasma.
Your stone body is resilient. (AC +8)
You are immune to poison.
You resist negative energy. (rN+)
You are resistant to electric shocks. (rElec)
You are resistant to unholy torment.
You are immune to petrification.


Message History

You barely miss the eight-headed hydra.
The eight-headed hydra is lightly wounded.
You block the eight-headed hydra's attack.
The eight-headed hydra bites you but does no damage.
The eight-headed hydra bites you!
* * * LOW HITPOINT WARNING * * *
The eight-headed hydra barely misses you.
The eight-headed hydra bites you but does no damage. x3
You block the eight-headed hydra's attack.
You thump the eight-headed hydra!
The eight-headed hydra is moderately wounded.
The eight-headed hydra bites you.
* * * LOW HITPOINT WARNING * * *
The eight-headed hydra barely misses you.
The eight-headed hydra bites you.
* * * LOW HITPOINT WARNING * * *
The eight-headed hydra completely misses you.
You block the eight-headed hydra's attack.
The eight-headed hydra bites you but does no damage.
The eight-headed hydra barely misses you.
The eight-headed hydra bites you but does no damage.
You sock the eight-headed hydra!
The eight-headed hydra is heavily wounded.
The eight-headed hydra bites you.
* * * LOW HITPOINT WARNING * * *
The eight-headed hydra bites you!
* * * LOW HITPOINT WARNING * * *
The eight-headed hydra bites you but does no damage.
The eight-headed hydra completely misses you.
The eight-headed hydra bites you but does no damage. x3
The eight-headed hydra barely misses you.
You thump the eight-headed hydra!
The eight-headed hydra is heavily wounded.
The eight-headed hydra bites you.
* * * LOW HITPOINT WARNING * * *
The eight-headed hydra bites you.
* * * LOW HITPOINT WARNING * * *
The eight-headed hydra barely misses you.
The eight-headed hydra bites you!
You die...

#P.D...#
##.....#
#.....##
##.....#
#....##
#F....#
#D...##
####....#
#@#.....#
##DF....#
##S.....##
#........#
##......##
##......P#
#........#
#.P.....##
###.....#


You could see an eight-headed hydra, a cane toad and a water moccasin.

Vanquished Creatures
  Gastronok (Lair:1)
  A hydra (D:10)
  2 two-headed ogres (D:7)
  A boulder beetle (D:7)
  A manticore (D:10)
  Joseph (Lair:1)
  A kobold demonologist (D:10)
  A cane toad (Lair:1)
  An unseen horror (D:7)
  2 komodo dragons
  2 trolls
  A polar bear (Lair:1)
  2 hornets
  5 blink frogs (Lair:1)
  A wraith (D:7)
  A wyvern (Lair:1)
  A vampire (D:10)
  A steam dragon (D:8)
  14 yaks
  A vampire mosquito (D:7)
  An acid dragon (D:10)
  3 water moccasins
  A swamp drake (D:10)
  A sky beast (D:6)
  2 ice beasts (D:7)
  2 black bears
  8 orc warriors
  3 ogres
  3 wolves (Lair:1)
  7 centaurs
  4 phantoms
  3 kobold brigands
  8 bullfrogs
  2 gnoll sergeants
  2 scorpions
  8 wights
  2 killer bees (D:10)
  4 howler monkeys
  3 hounds
  4 gnoll boudas
  A jelly (D:6)
  3 orc priests
  3 iguanas
  A sleepcap (D:7)
  11 orc wizards
  25 gnolls
  12 adders
  3 shadow imps
  3 white imps
  4 ufetubi
  4 worms
  4 dart slugs
  39 orcs
  4 ball pythons
  2 bats
  7 endoplasms
  9 giant cockroaches
  9 hobgoblins
  4 jackals (D:4)
  15 kobolds
  6 frilled lizards
  7 goblins
  6 rats
294 creatures vanquished.

Notes
Turn   | Place    | Note
-------+----------+-------------------------------------------
     0 | D:1      | Dittersdorf the Gargoyle Fighter began the quest for the
                  | Orb.
     0 | D:1      | Reached XP level 1. HP: 14/14 MP: 1/1
   110 | D:1      | Reached XP level 2. HP: 17/19 MP: 2/2
   550 | D:1      | Reached XP level 3. HP: 23/23 MP: 3/3
  1257 | D:2      | Found a faded altar of an unknown god.
  1317 | D:2      | Reached XP level 4. HP: 29/29 MP: 4/4
  2063 | D:3      | Reached XP level 5. HP: 33/33 MP: 5/5
  2256 | D:3      | Found Putaph's General Store.
  2496 | D:3      | Noticed a phantom
  2509 | D:3      | Killed a phantom
  2510 | D:3      | Reached XP level 6. HP: 36/39 MP: 6/6
  2883 | D:3      | Reached skill level 5 in Fighting
  2883 | D:3      | Reached skill level 5 in Armour
  2883 | D:3      | Reached skill level 5 in Shields
  2883 | D:3      | Reached XP level 7. HP: 44/44 MP: 7/7
  2938 | D:4      | Found a staircase to the Ecumenical Temple.
  2948 | Temple   | Entered the Ecumenical Temple
  2987 | Temple   | Became a worshipper of Warmaster Okawaru
  3133 | D:4      | Found a bloodstained altar of Trog.
  3421 | D:4      | Found a glowing silver altar of Zin.
  3445 | D:4      | Found an opulent altar of Gozag.
  3503 | D:5      | Entered Level 5 of the Dungeon
  3630 | D:5      | Reached * piety under Okawaru
  3631 | D:5      | Reached XP level 8. HP: 51/51 MP: 8/8
  3835 | D:5      | Reached skill level 5 in Maces & Flails
  4002 | D:5      | Found Norasi Hixu's Jewellery Shop.
  4344 | D:5      | Found a radiant altar of Vehumet.
  4407 | D:6      | Found a shimmering altar of Xom.
  4660 | D:6      | Reached ** piety under Okawaru
  5043 | D:7      | Reached XP level 9. HP: 44/57 MP: 9/9
  5155 | D:7      | Reached *** piety under Okawaru
  5209 | D:7      | Noticed a boulder beetle
  5221 | D:7      | Killed a boulder beetle
  5222 | D:7      | Reached XP level 10. HP: 62/64 MP: 10/10
  5238 | D:7      | Noticed a two-headed ogre
  5248 | D:7      | Killed a two-headed ogre
  5248 | D:7      | Reached **** piety under Okawaru
  5315 | D:7      | Identified the ring of the Tormentor {rN+ Will+ rCorr Str-2
                  | Dex+3}
  5315 | D:7      | Identified the +6 long sword "Loegy" {elec, rPois rF+ rC+
                  | Int-5}
  5377 | D:7      | Noticed a two-headed ogre
  5408 | D:7      | Killed a two-headed ogre
  5408 | D:7      | Reached ***** piety under Okawaru
  5861 | D:7      | Killed an unseen horror
  5862 | D:7      | Reached XP level 11. HP: 68/72 MP: 11/11
  7754 | D:8      | Found a sacrificial altar of Ru.
  7758 | D:8      | Found a burning altar of Makhleb.
  7761 | D:8      | Found a white marble altar of Elyvilon.
  7811 | D:8      | Found an ancient bone altar of Kikubaaqudgha.
  8024 | D:8      | Found a staircase to the Lair.
  8083 | D:9      | Received a gift from Okawaru
  8142 | D:9      | Reached skill level 10 in Fighting
  8142 | D:9      | Reached skill level 10 in Armour
  8142 | D:9      | Reached skill level 10 in Shields
  8322 | D:9      | Found a shimmering altar of Xom.
  8531 | D:10     | Entered Level 10 of the Dungeon
  8819 | D:10     | Found a staircase to the Orcish Mines.
  9114 | D:10     | Noticed a five-headed hydra
  9122 | D:10     | Killed a five-headed hydra
  9235 | D:10     | Noticed a manticore
  9253 | D:10     | Killed a manticore
  9260 | D:10     | Received a gift from Okawaru
  9700 | Lair:1   | Entered Level 1 of the Lair of Beasts
  9716 | Lair:1   | Noticed Joseph
  9734 | Lair:1   | Killed Joseph
  9933 | Lair:1   | Reached XP level 12. HP: 79/79 MP: 12/12
  9943 | Lair:1   | Noticed Gastronok
  9960 | Lair:1   | Killed Gastronok
  9961 | Lair:1   | Reached skill level 10 in Maces & Flails
 10460 | Lair:1   | You fall into a shaft and drop 1 floor!
 10509 | Lair:2   | Received a gift from Okawaru
 10519 | Lair:2   | Noticed an eight-headed hydra
 10524 | Lair:2   | Noticed an eight-headed hydra
 10570 | Lair:2   | HP: 4/80 [eight-headed hydra (6)]
 10570 | Lair:2   | Slain by an eight-headed hydra

Illustrated notes

Levels and vault maps discovered:
D:1:      nicolae_arrival_washed_ashore, layout_basic, hangedman_decor_opposing,
          minmay_misc_feat_more_columns, minmay_misc_feat_pillars
D:2:      layout_basic, hellmonk_ecumenical_altar_inner_sanctum,
          minmay_goblin_kobold_house
D:3:      layout_loops_ring, serial_shops, shop, minmay_crystal_water,
          nicolae_grassy_gnolls
D:4:      layout_cave_pools, pdpol_temple_overflow_zin_treasury_gozag_greed,
          mainiacjoe_overflow_chevrons, minmay_temple_entry_wispy
D:5:      layout_cave_pods, vehumet_altar_wand_db, serial_shops, shop,
          minmay_fractal_squares_diagonal_5
D:6:      layout_basic, mainiacjoe_overflow_boulevard
D:7:      minmay_the_grid_four_pointed_star
          [minmay_the_grid_triangle_9x9_sparse_checkered,
          minmay_the_grid_triangle_9x9_longest,
          minmay_the_grid_triangle_9x9_intruding_spiral,
          minmay_the_grid_triangle_9x9_semitri,
          minmay_the_grid_prize_four_corners_diamond_b], layout_loops_ring,
          nicolae_concentric_dashed_squares_mild
D:8:      layout_rooms, nicolae_overflow_macrodata_refinement, lair_entry_dummy
D:9:      layout_cave_pools, serial_park, serial_park_paths
          [serial_park_minivault_5x5_4]
D:10:     kennysheep_ambush_hall, layout_loops_ring, erik_orc_1,
          minmay_microvault
Temple:   oiseaux_autumnal_temple
Lair:1:   layout_small_grid, uniq_joseph, uniq_gastronok
Lair:2:   layout_cellular_growth, swamp_mist_pool, dummy_snake_entry,
          serial_bayou_lagoon_a, dreamdust_gnoll_shepherd

Skill      XL: |  1  2  3  4  5  6  7  8  9 10 11 12 |
---------------+-------------------------------------+-----
Fighting       | 4 5 7 8 9 10 11 | 11.4
Shields        | 4 5 6 8 9 10 11 | 11.3
Armour         | 4 5 6 8 9 11 | 11.4
Maces & Flails | 3 4 5 7 8 9 10 | 10.2

Action                     |  1- 3 |  4- 6 |  7- 9 | 10-12 || total
---------------------------+-------+-------+-------+-------++-------
  Melee: Flail             |    72 |   138 |   268 |   620 ||  1098
 Invoke: Heroism           |       |       |       |     2 ||     2
  Evoke: Wand              |       |       |       |    13 ||    13
    Use: Scroll            |       |       |    20 |     3 ||    23
 Armour: Scale mail        |    35 |    31 |       |       ||    66
         Chain mail        |       |   138 |   192 |       ||   330
         Plate armour      |       |       |    72 |   732 ||   804
  Dodge: Dodged            |    39 |    86 |   103 |   231 ||   459
  Block: Buckler           |     9 |    41 |    72 |   267 ||   389

Table legend: (Time is in decaauts)
 A = Elapsed time spent in this place.
 B = Non-inter-level travel time spent in this place.
 C = Inter-level travel time spent in this place.
 D = Time resting spent in this place.
 E = Time spent auto-exploring this place.
 F = Levels seen in this place.
 G = Mean time per level.
                   A        B        C        D        E       F      G
               +--------+--------+--------+--------+--------+-----+--------+
         Total |  10654 |  10153 |    501 |    321 |   7296 |  13 |  819.5 |
       Dungeon |   9766 |   9340 |    426 |    286 |   6859 |  10 |  976.6 |
        Temple |     76 |      2 |     74 |      0 |      0 |   1 |   76.0 |
          Lair |    811 |    811 |      0 |     35 |    437 |   2 |  405.5 |
               +--------+--------+--------+--------+--------+-----+--------+

Top non-repeatable levels by time:
     D:7: 2545 daAuts
    D:10: 1119 daAuts
     D:2: 1093 daAuts
     D:1: 1026 daAuts
     D:5: 888 daAuts
     D:3: 824 daAuts
  Lair:1: 702 daAuts
     D:6: 630 daAuts
     D:8: 582 daAuts
     D:4: 582 daAuts
     D:9: 472 daAuts
  Lair:2: 108 daAuts
  Temple: 76 daAuts
